 Dungeon Crawl Stone Soup version 0.29-a0-920-g5d2155ec51 (webtiles) character file.

Game seed: 839736564875767643

124198 Ajdolov the Demon Slayer (level 16, -6/86 HPs)
             Began as a Vine Stalker Fighter on July 27, 2022.
             Was a High Priest of the Shining One.
             Splashed by a goliath frog's acid (9 damage)
             ... called by a spriggan druid
             ... called by a spriggan druid
             ... on level 2 of the Swamp.
             The game lasted 01:07:12 (26080 turns).

Ajdolov the Demon Slayer (Vine Stalker Fighter)    Turns: 26080, Time: 01:07:14

Health: -6/86      AC: 27    Str: 27    XL:     16   Next: 92%
Magic:  0/28       EV:  7    Int: 12    God:    the Shining One [*****.]
Gold:   1436       SH:  5    Dex: 14    Spells: 15/15 levels left

rFire   + . .      SeeInvis .   Y - +1 morningstar (holy)
rCold   . . .      Faith    .   c - +0 buckler
rNeg    + + +      Spirit   +   Z - +3 plate armour of Nuikegis {rN+ Int+4}
rPois   +          Reflect  .   Q - +2 helmet
rElec   .          Harm     .   L - +2 cloak
rCorr   .          Rampage  .   a - +2 pair of gloves
Will    +++..                   m - +2 pair of boots
Stlth   ..........              G - amulet "Nicako Raaf" {Spirit rPois Slay+2}
HPRegen 1.04/turn               s - ring of willpower
MPRegen 0.21/turn               U - ring of protection from fire

@: corroded, glowing
A: fangs 3, regeneration 1, magic shield, antimagic bite, no potion heal 2
a: Renounce Religion, Divine Shield, Cleansing Flame, Summon Divine Warrior


You were on level 2 of the Swamp.
You worshipped the Shining One.
The Shining One was extremely pleased with you.
You visited 5 branches of the dungeon, and saw 25 of its levels.

You collected 2699 gold pieces.
You spent 1263 gold pieces at shops.

Inventory:

Hand Weapons
 j - a +1 vorpal whip
 Y - a +1 morningstar of holy wrath (weapon)
Missiles
 f - 3 javelins
 x - 18 boomerangs (quivered)
 W - 2 throwing nets
 X - 2 curare-tipped darts
Armour
 a - a +2 pair of gloves (worn)
 c - a +0 buckler (worn)
 m - a +2 pair of boots (worn)
 L - a +2 cloak (worn)
 Q - a +2 helmet (worn)
 Z - the +3 plate armour of Nuikegis (worn) {rN+ Int+4}
   (You bought it in a shop on level 2 of the Orcish Mines)

   Int:       It affects your intelligence (+4).
   rN:        It protects you from negative energy.
Jewellery
 s - a ring of willpower (left hand)
 G - the amulet "Nicako Raaf" (around neck) {Spirit rPois Slay+2}
   (You found it on level 7 of the Dungeon)

   [amulet of guardian spirit]

   It causes incoming damage to be divided between your reserves of health and
   magic.
   Slay:      It affects your accuracy & damage with ranged weapons and melee
   (+2).
   rPois:     It protects you from poison.
 O - a ring of resist corrosion
 T - a ring of ice
 U - a ring of protection from fire (right hand)
Wands
 k - a wand of polymorph (2)
 H - a wand of paralysis (20)
 K - a wand of acid (12)
 M - a wand of roots (11)
 R - a wand of mindburst (14)
 S - a wand of flame (35)
Scrolls
 e - 2 scrolls of noise
 g - 8 scrolls of teleportation
 l - 2 scrolls of identify
 o - 5 scrolls of vulnerability
 q - 2 scrolls of magic mapping
 t - 5 scrolls of butterflies
 v - 9 scrolls of immolation
 y - a scroll of summoning
 z - a scroll of silence
 C - a scroll of brand weapon
 N - a scroll of poison
 V - 3 scrolls of enchant weapon
Potions
 b - 8 potions of lignification
 d - 4 potions of might
 h - 6 potions of attraction
 i - 2 potions of ambrosia
 n - 4 potions of haste
 p - 6 potions of mutation
 r - 2 potions of resistance
 w - a potion of invisibility
 A - 7 potions of curing
 B - 3 potions of flight
 D - 2 potions of magic
 F - 5 potions of brilliance
 I - 4 potions of heal wounds
Miscellaneous
 P - a tin of tremorstones (2/2)


   Skills:
 - Level 10.6 Fighting
 - Level 14.0 Maces & Flails
 - Level 12.0 Throwing
 - Level 10.0 Armour
 - Level 5.0 Shields
 - Level 15.0 Invocations
 + Level 6.0 Evocations


You had 15 spell levels left.
You didn't know any spells.
Your spell library contained the following spells:

 Spells                   Type           Power      Damage    Failure   Level
 Beastly Appendage        Tmut           0%         N/A       98%         1
 Freeze                   Ice            0%         1d3       98%         1
 Ensorcelled Hibernation  Hex/Ice        0%         N/A       99%         2
 Passwall                 Tmut/Erth      0%         N/A       99%         2
 Poisonous Vapours        Pois/Air       0%         N/A       99%         2
 Wereblood                Tmut           0%         N/A       99%         2
 Conjure Flame            Conj/Fire      0%         6-21      100%        3
 Frozen Ramparts          Ice            0%         1d2       100%        3
 Gell's Gravitas          Tloc           0%         N/A       100%        3
 Ignite Poison            Fire/Tmut/Pois 0%         N/A       100%        3
 Lesser Beckoning         Tloc           0%         N/A       100%        3
 Mephitic Cloud           Conj/Pois/Air  0%         N/A       100%        3
 Ozocubu's Armour         Ice            0%         N/A       100%        3
 Spider Form              Tmut/Pois      0%         N/A       100%        3
 Swiftness                Air            0%         N/A       100%        3
 Teleport Other           Tloc           0%         N/A       100%        3
 Tukima's Dance           Hex            0%         N/A       100%        3
 Corpse Rot               Necr/Pois/Air  0%         N/A       100%        4
 Hailstorm                Conj/Ice       0%         3d3       100%        4
 Passage of Golubria      Tloc           0%         N/A       100%        4
 Sticky Flame             Conj/Fire      0%         2d3       100%        4
 Summon Lightning Spire   Summ/Air       0%         N/A       100%        4
 Freezing Cloud           Conj/Ice/Air   0%         6-21      100%        5
 Metabolic Englaciation   Hex/Ice        0%         N/A       100%        5
 Summon Forest            Summ/Tloc      0%         N/A       100%        5
 Yara's Violent Unravell  Hex/Tmut       0%         3d3       100%        5
 Eringya's Noxious Bog    Tmut/Pois      0%         N/A       100%        6
 Simulacrum               Ice/Necr       0%         N/A       100%        6
 Dragon Form              Tmut           0%         N/A       100%        7
 Storm Form               Tmut/Air       0%         N/A       100%        7
 Maxwell's Capacitive Co  Air            0%         ∞         100%        8


Dungeon Overview and Level Annotations

Branches:
Dungeon (15/15)            Temple (1/1) D:7            Lair (5/5) D:9
  Swamp (2/4) Lair:2        Snake (0/4) Lair:3        Slime (0/5) Lair:5
    Orc (2/2) D:12            Elf (0/3) Orc:2        Vaults (0/5) D:13
 Depths (0/4) D:15

Altars:
Ashenzari
Cheibriados
Dithmenos
Elyvilon
Fedhas
Gozag
Hepliaklqana
Kikubaaqudgha
Makhleb
Nemelex Xobeh
Okawaru
Qazlal
Ru
Sif Muna
Trog
Uskayaw
Vehumet
Wu Jian
Xom
Yredelemnul
Zin
The Shining One

Shops:
D:6 :   D:9 =   Orc:2 [??[*[

Annotations:
D:6 3 runed translucent doors, Heedrag's ghost, novice MiFi
D:14 3 runed translucent doors, Cyateurch's ghost, journeyman GrEE; GrandHerb's ghost, journeyman MiFi
Lair:1 3 runed translucent doors, Heedrag's ghost, journeyman MiFi
Lair:3 2 transporters
Lair:5 2 runed translucent doors


Innate Abilities, Weirdness & Mutations

You have razor-sharp teeth.
Your natural rate of healing is unusually fast.
When hurt, damage is shared between your health and your magic reserves.
Your bite disrupts and absorbs the magic of your enemies.
Potions cannot restore your health.


Message History

Aim: a spriggan rider, wielding a +0 spear and wearing a +0 buckler (haloed, chance to affect: 6%)
Okay, then.
Aiming: Fastroot
Press: ? - help, Shift-Dir - straight line, f - spriggan rider
Aim: a spriggan rider, wielding a +0 spear and wearing a +0 buckler (haloed)
The roots erupt in riotous growth!
Roots grab the spriggan rider.
Roots grab the tyrant leech.
Roots grab the goliath frog.
Roots grab the spriggan rider.
The grasping roots constrict the goliath frog!
The grasping roots constrict the tyrant leech.
The grasping roots constrict the spriggan rider!
The grasping roots constrict the spriggan rider.
The tyrant leech is engulfed in poison gas.
The tyrant leech is poisoned.
The tyrant leech struggles to escape constriction.
The swamp dragon breathes poison at you.
The blast of poison engulfs you but does no damage.
You resist.
The spriggan rider is engulfed in poison gas.
The spriggan rider looks even sicker.
The will-o-the-wisp gestures.
The will-o-the-wisp conjures some foxfire!
The spriggan rider hits you but does no damage.
The tyrant leech is engulfed in poison gas.
The tyrant leech looks even sicker.
The tyrant leech escapes!
A foxfire comes into view.
You are momentarily dazzled by a brilliant light.
The grasping roots constrict the goliath frog!
The grasping roots constrict the spriggan rider.
The grasping roots constrict the spriggan rider!
The roots release their grip on the goliath frog.
The spriggan rider is engulfed in poison gas.
The spriggan rider looks even sicker.
The spriggan rider is engulfed in poison gas.
The spriggan rider is poisoned.
The goliath frog is engulfed in poison gas.
The goliath frog is poisoned.
The goliath frog hits you from afar.
* * * LOW HITPOINT WARNING * * *
You are splashed with acid!
You die...

≈≈≈≈.≈≈≈♣ ♣♣♣ ≈..♣≈.♣
♣♣≈♣♣ ≈v≈≈§ ♣♣♣§≈.♣
.≈≈≈§§♣ ♣§§§vi.♣
...§§§♣ ♣§vi§F.♣ ♣♣..
§§♣♣♣vi♣♣♣♣ . ≈≈..
♣§§Fi♣ .♣ §§♣♣§§§w♣♣
≈≈♣ ♣§§§A§@§♣♣♣♣≈.♣♣
♣♣§§§§§§§§§§§§§..
♣§§§§§§§§§§§§§§§≈≈
≈..≈§§§≈♣§§§D§§§§§§≈≈
≈.≈≈§§§♣♣♣♣♣§≈§§§§§≈≈
♣.≈≈§§≈ ♣≈§§§§§§§≈≈
♣♣≈≈§≈≈ ♣.≈§§§§§§§..
♣≈.... ♣≈≈§§§♣§§§..
...≈≈. ♣♣...♣♣≈≈≈.♣


You could see a swamp dragon (catching breath), a tyrant leech (very poisoned),
3 spriggan riders, a goliath frog (poisoned), a will-o-the-wisp and a friendly
daeva (summoned).

Vanquished Creatures
  Gastronok (Lair:1)
  A thorn hunter (Swamp:1)
  2 eleionomae (Swamp:1)
  5 bunyips (Swamp:1)
  A fire dragon (Lair:5)
  Erica (Lair:2)
  Fannar (D:11)
  2 catoblepae
  2 boulder beetles
  Erolcha (D:10)
  12 hydras
  3 two-headed ogres
  3 alligators
  6 death yaks
  4 tengu warriors
  3 spriggans (Swamp:1)
  An orc high priest (Orc:2)
  Nergalle (D:11)
  Sonja (Orc:1)
  3 goliath frogs
  4 skeletal warriors (D:13)
  5 bog bodies
  5 spriggan druids
  2 wizards (D:15)
  2 lindwurms (Lair:5)
  2 swamp dragons
  2 deep elf pyromancers (D:14)
  5 orc sorcerers
  2 orc knights
  A necromancer (D:15)
  15 ugly things
  2 will-o-the-wisps
  2 manticores (D:13)
  A manticore (shapeshifter) (D:13)
  5 cyclopes
  2 centaur zombies (D:15)
  10 elephants
  7 torpor snails
  Joseph (D:10)
  A water nymph (shapeshifter) (D:13)
  2 naga magi (D:15)
  7 black mambas
  9 cane toads
  A gargoyle (D:12)
  3 rime drakes
  An unseen horror (D:11)
  An efreet (D:15)
  A freezing wraith (D:14)
  A tengu conjurer (D:15)
  8 komodo dragons
  A bloated husk (Swamp:2)
  4 trolls
  3 polar bears (Lair:4)
  17 blink frogs
  5 slime creatures (D:12)
  4 tyrant leeches
  11 hornets
  A meliai zombie (D:15)
  4 dream sheep
  3 centaur simulacra
  A jumping spider (shapeshifter) (D:13)
  6 wyverns
  3 wraiths
  A shadow (D:11)
  60 yaks
  Grum (Lair:1)
  7 basilisks
  11 humans (D:13)
  5 steam dragons
  9 vampire mosquitoes
  9 swamp worms
  2 wargs
  5 acid dragons
  3 nagas
  10 water moccasins
  An ice beast (D:5)
  22 orc warriors
  4 black bears
  A sky beast (D:6)
  5 centaurs
  9 wolves
  5 ogres
  3 kobold brigands
  2 phantoms
  12 bullfrogs
  A gnoll sergeant (D:11)
  3 necrophages
  A scorpion (D:4)
  10 wights
  2 electric eels
  A howler monkey (D:12)
  A crimson imp (D:6)
  A gnoll bouda (D:7)
  2 hounds
  2 jellies (D:6)
  22 orc priests
  5 iguanas
  Natasha (thrice) (D:2)
  28 orc wizards
  13 adders
  14 gnolls
  2 shadow imps
  An ufetubus (D:5)
  2 dart slugs (D:2)
  85 orcs
  6 ball pythons
  8 bats
  5 endoplasms
  6 giant cockroaches
  6 goblins
  7 hobgoblins
  3 jackals (D:3)
  3 quokkas
  3 frilled lizards
  25 kobolds
  9 rats
694 creatures vanquished.

Vanquished Creatures (collateral kills)
  Rupert (D:13)
  The ghost of MirrMurr the Warrior, a journeyman DsBe of Trog (Orc:2)
  Nessos (Orc:2)
  An ogre mage (D:15)
  A hydra (Swamp:1)
  3 centaur warriors (D:13)
  4 two-headed ogres
  An alligator (Swamp:2)
  2 orc high priests (Orc:2)
  A goliath frog (Swamp:1)
  A swamp dragon (Swamp:1)
  4 orc knights
  An orc sorcerer (Orc:2)
  4 ugly things
  5 humans (D:13)
  An acid dragon (D:13)
  4 orc warriors (Orc:2)
  3 ogres
  2 orc priests
  3 orc wizards (Orc:2)
  9 orcs
53 creatures vanquished.

Vanquished Creatures (others)
  12 foxfires
  35 fungi
  80 plants
127 creatures vanquished.

Grand Total: 874 creatures vanquished

Notes
Turn   | Place    | Note
-------+----------+-------------------------------------------
     0 | D:1      | Ajdolov the Vine Stalker Fighter began the quest for the
                  | Orb.
     0 | D:1      | Reached XP level 1. HP: 11/11 MP: 2/2
   243 | D:1      | Reached XP level 2. HP: 16/16 MP: 1/3
   881 | D:2      | Reached XP level 3. HP: 17/19 MP: 4/4
  1038 | D:2      | Noticed Natasha
  1054 | D:2      | Killed Natasha
  1099 | D:2      | Gained mutation: Your natural rate of healing is unusually
                  | fast. [Vine Stalker growth]
  1099 | D:2      | Reached XP level 4. HP: 4/23 MP: 3/5
  1157 | D:2      | Noticed Natasha
  1184 | D:2      | Killed Natasha
  1248 | D:2      | Noticed Natasha
  1265 | D:2      | Killed Natasha
  1266 | D:2      | Reached XP level 5. HP: 27/27 MP: 6/6
  1634 | D:3      | Found a faded altar of an unknown god.
  1699 | D:3      | Reached skill level 5 in Maces & Flails
  2442 | D:4      | Reached XP level 6. HP: 24/32 MP: 4/7
  3116 | D:4      | Reached XP level 7. HP: 26/35 MP: 5/8
  3154 | D:5      | Entered Level 5 of the Dungeon
  3849 | D:5      | Gained mutation: You have razor-sharp teeth. [Vine Stalker
                  | growth]
  3849 | D:5      | Reached XP level 8. HP: 39/39 MP: 9/9
  3901 | D:6      | Found Tepum's Book Shop.
  4411 | D:6      | Found a shimmering altar of Xom.
  4411 | D:6      | Found a burning altar of Makhleb.
  4630 | D:6      | Reached skill level 10 in Maces & Flails
  4806 | D:6      | Found a runed translucent gate.
  4806 | D:6      | Found a runed translucent gate.
  4806 | D:6      | Found a runed translucent gate.
  4807 | D:6      | Noticed Heedrag's ghost (novice MiFi)
  4807 | D:6      | Noticed a kobold demonologist
  5456 | D:6      | Reached XP level 9. HP: 40/43 MP: 10/10
  5527 | D:7      | Identified the amulet "Nicako Raaf" {Spirit rPois Slay+2}
  5600 | D:7      | Reached skill level 1 in Throwing
  5837 | D:7      | Found a staircase to the Ecumenical Temple.
  5899 | Temple   | Entered the Ecumenical Temple
  6090 | Temple   | Became a worshipper of the Shining One
  6211 | D:7      | Found an iron altar of Okawaru.
  6222 | D:7      | Identified the +1 robe of Lies {-Cast rF++ Str+4 Stlth+}
  6566 | D:8      | Identified the +5 plate armour "Loax" {rPois rC- rN+}
  7619 | D:8      | Reached * piety under the Shining One
  7677 | D:9      | Found Jijoluf Qase's Jewellery Emporium.
  7799 | D:9      | Reached XP level 10. HP: 24/47 MP: 11/11
  7903 | D:9      | Reached skill level 5 in Throwing
  7970 | D:9      | Found a staircase to the Lair.
  8321 | D:10     | Entered Level 10 of the Dungeon
  8338 | D:10     | Noticed Erolcha
  8441 | D:10     | Found a sparkling altar of Nemelex Xobeh.
  8943 | D:10     | HP: 1/47 [Erolcha/+0 giant club (13)]
  8944 | D:10     | Killed Erolcha
  8999 | D:10     | Got Sif Muna's Disquisition on Unstable Shaping
  9008 | D:10     | Noticed Joseph
  9036 | D:10     | Killed Joseph
  9228 | D:10     | Noticed a two-headed ogre
  9263 | D:10     | Killed a two-headed ogre
  9553 | D:11     | Noticed Fannar
  9577 | D:11     | Reached skill level 1 in Invocations
  9679 | D:11     | Reached skill level 2 in Invocations
  9680 | D:11     | Reached skill level 3 in Invocations
  9705 | D:11     | Reached skill level 4 in Invocations
  9705 | D:11     | Reached XP level 11. HP: 25/51 MP: 11/15
 10149 | D:11     | Noticed Nergalle
 10261 | Lair:1   | Entered Level 1 of the Lair of Beasts
 10268 | Lair:1   | Reached skill level 5 in Invocations
 10298 | Lair:1   | Found a shadowy altar of Dithmenos.
 10350 | Lair:1   | Reached skill level 6 in Invocations
 10398 | Lair:1   | Reached ** piety under the Shining One
 10580 | Lair:1   | Reached skill level 7 in Invocations
 10803 | D:9      | Reached skill level 8 in Invocations
 10882 | Lair:1   | Noticed a spectral death yak
 10957 | Lair:1   | Noticed Grum
 10978 | Lair:1   | Killed Grum
 11166 | Lair:1   | Found a runed translucent gate.
 11166 | Lair:1   | Found a runed translucent gate.
 11166 | Lair:1   | Found a runed translucent gate.
 11168 | Lair:1   | Noticed Heedrag's ghost (journeyman MiFi)
 11168 | Lair:1   | Noticed a spectral death yak
 11227 | Lair:1   | Noticed Gastronok
 11618 | Lair:1   | Reached skill level 9 in Invocations
 11734 | Lair:1   | Killed Gastronok
 11874 | Lair:1   | Reached skill level 10 in Invocations
 11885 | Lair:2   | Noticed a boulder beetle
 12018 | Lair:1   | Reached skill level 1 in Evocations
 12148 | Lair:1   | Reached XP level 12. HP: 29/56 MP: 16/20
 12317 | Lair:2   | Found a staircase to the Swamp.
 12405 | Lair:2   | Reached *** piety under the Shining One
 12571 | Lair:2   | Reached skill level 5 in Fighting
 12645 | Lair:2   | Killed a boulder beetle
 13066 | Lair:2   | Noticed Erica
 13078 | Lair:2   | Killed Erica
 13494 | Lair:2   | Noticed a five-headed hydra
 13511 | Lair:2   | Killed a five-headed hydra
 13778 | Lair:3   | Found a staircase to the Snake Pit.
 13991 | Lair:3   | Found a transporter.
 14108 | Lair:3   | Found a transporter.
 14283 | Lair:3   | Reached XP level 13. HP: 64/70 MP: 18/21
 14484 | Lair:3   | Identified the +7 hand axe of Cheibriados's Approval
                  | {freeze, rF+ Int+3}
 15030 | Lair:3   | Reached skill level 10 in Fighting
 15061 | Lair:3   | Reached skill level 11 in Invocations
 15434 | Lair:4   | Reached skill level 5 in Shields
 15445 | Lair:4   | Found a hide-covered altar of Uskayaw.
 15767 | Lair:4   | Reached skill level 12 in Invocations
 16275 | Lair:5   | Entered Level 5 of the Lair of Beasts
 16315 | Lair:5   | Reached **** piety under the Shining One
 16610 | Lair:4   | Reached skill level 13 in Invocations
 17126 | Lair:5   | Reached XP level 14. HP: 65/77 MP: 22/25
 17403 | Lair:5   | Identified the amulet "Ogaddusk" {Spirit -Tele rPois Regen+
                  | Stlth-}
 17555 | Lair:5   | Found a runed translucent door.
 17559 | Lair:5   | Found a staircase to the Slime Pits.
 17848 | Lair:5   | Found a runed translucent door.
 17950 | Lair:5   | Reached skill level 14 in Invocations
 18020 | Lair:5   | Paralysed by a hornet for 3 turns
 18734 | D:11     | Killed Fannar
 18777 | D:11     | Reached ***** piety under the Shining One
 18789 | D:11     | Reached skill level 10 in Throwing
 18812 | D:11     | Killed Nergalle
 19902 | D:12     | Found a staircase to the Orcish Mines.
 20617 | D:12     | Reached skill level 15 in Invocations
 20824 | Orc:1    | Entered Level 1 of the Orcish Mines
 20887 | Orc:1    | Noticed Sonja
 20895 | Orc:1    | Killed Sonja
 21283 | Orc:2    | Entered Level 2 of the Orcish Mines
 21283 | Orc:2    | Noticed Nessos
 21283 | Orc:2    | Found a runed translucent gate.
 21291 | Orc:2    | Killed Nessos
 21292 | Orc:2    | Reached XP level 15. HP: 80/80 MP: 27/27
 21298 | Orc:2    | Found a runed translucent gate.
 21298 | Orc:2    | Found a runed translucent gate.
 21325 | Orc:2    | Found an opulent altar of Gozag.
 21325 | Orc:2    | Found Isuxowes's Assorted Antiques.
 21327 | Orc:2    | Noticed MirrMurr's ghost (journeyman DsBe)
 21335 | Orc:2    | Killed MirrMurr's ghost
 21368 | Orc:2    | Bought a scroll labelled WORGHA ADOMYORA for 30 gold pieces
 21385 | Orc:2    | Found a staircase to the Elven Halls.
 21455 | Orc:2    | Found Tucyleth's Armour Shoppe.
 21574 | Orc:2    | Found Ularruxt's Magic Scroll Shop.
 21581 | Orc:2    | Bought a scroll of teleportation for 30 gold pieces
 21581 | Orc:2    | Bought a scroll of teleportation for 30 gold pieces
 21581 | Orc:2    | Bought a scroll of teleportation for 30 gold pieces
 21581 | Orc:2    | Bought a scroll of enchant weapon for 75 gold pieces
 21581 | Orc:2    | Found Kenuh's Magic Scroll Shop.
 21583 | Orc:2    | Found Wojeniev's Antique Armour Shoppe.
 21589 | Orc:2    | Bought a scroll of teleportation for 45 gold pieces
 21589 | Orc:2    | Bought a scroll of teleportation for 45 gold pieces
 21927 | Orc:2    | Found Lerhouc's Antique Armour Shoppe.
 22077 | Orc:2    | Bought the +3 plate armour of Nuikegis {rN+ Int+4} for 806
                  | gold pieces
 22102 | Orc:2    | Bought a scroll of enchant weapon for 112 gold pieces
 22102 | Orc:2    | Bought a scroll of fear for 60 gold pieces
 22235 | D:13     | Noticed Rupert
 22235 | D:13     | Found a gate to the Vaults.
 22464 | D:13     | Killed Rupert
 23283 | D:14     | Reached skill level 5 in Armour
 23741 | D:14     | Found a runed translucent gate.
 23741 | D:14     | Found a runed translucent gate.
 23741 | D:14     | Found a runed translucent gate.
 23799 | D:14     | Noticed GrandHerb's ghost (journeyman MiFi)
 23800 | D:14     | Noticed Cyateurch's ghost (journeyman GrEE)
 23837 | D:15     | Entered Level 15 of the Dungeon
 24116 | D:15     | Reached XP level 16. HP: 86/86 MP: 28/28
 24430 | D:15     | Found a staircase to the Depths.
 24581 | D:15     | Reached ****** piety under the Shining One
 24896 | Swamp:1  | Entered Level 1 of the Swamp
 25275 | Swamp:1  | Noticed a thorn hunter
 25299 | Swamp:1  | Killed a thorn hunter
 25347 | Swamp:1  | Found a basalt altar of Yredelemnul.
 25641 | Swamp:1  | Reached skill level 10 in Armour
 25943 | Swamp:2  | Reached skill level 5 in Evocations
 25948 | Swamp:2  | The Shining One protects you from harm!
 26059 | Swamp:2  | HP: 4/86 [goliath frog[a spriggan druid] (14)]
 26059 | Swamp:2  | The Shining One protects you from harm!
 26074 | Swamp:2  | HP: 4/86 [goliath frog[a spriggan druid] (3)]
 26074 | Swamp:2  | HP: 1/86 [acid[a spriggan druid] (3)]
 26080 | Swamp:2  | HP: 3/86 [goliath frog[a spriggan druid] (4)]
 26080 | Swamp:2  | Splashed by a goliath frog's acid

Illustrated notes

Levels and vault maps discovered:
D:1:      saegor_arrival_simple_a, layout_loops_ring
D:2:      layout_rooms, uniq_natasha
D:3:      layout_basic, ebering_ecumenical_altar_mist
D:4:      layout_basic
D:5:      layout_rooms
D:6:      layout_layer_cave, grunt_temple_overflow_champion_of_chaos,
          serial_shops, shop, portal_sewer_entry_d,
          gammafunk_ghost_nasty_kobolds
D:7:      layout_loops_cross, mainiacjoe_overflow_boulevard,
          minmay_temple_entry_antechambers, chequers_serial_rivers_small_b
D:8:      layout_basic, serial_glass, glass_columns_a, glass_columns_a,
          grunt_decor_arrowhead
D:9:      layout_rooms, david_lair_generic, serial_shops, shop_statue,
          dreamdust_wishing_well
D:10:     layout_stronghold, nemelex_diamond_rough_becter, uniq_joseph,
          uniq_erolcha
D:11:     layout_basic, uniq_nergalle, uniq_fannar
D:12:     layout_stronghold, orc_0_dummy
D:13:     layout_basic, david_vaults_3
D:14:     layout_roguey, gammafunk_ghost_cemetery, minmay_crystal_water,
          nicolae_figureground_sparkle
D:15:     grunt_enter_depths_magical_seal, layout_loops_ring, serial_park_tiny_1
Temple:   dpeg_five_rooms_temple
Lair:1:   layout_long_grid, gammafunk_ghost_necromancy, serial_rivers,
          chequers_serial_rivers_small_a, chequers_serial_rivers_large_b,
          chequers_serial_rivers_micro_e, chequers_serial_rivers_micro_c,
          chequers_serial_rivers_small_3, chequers_serial_rivers_micro_b,
          basic_altar, st_stairs_12, serial_bayou_pond_c, serial_bayou_shore_b,
          infiniplex_staircase_pool, uniq_grum, uniq_gastronok
Lair:2:   layout_cave_pods, skrybe_swamp_entry_bodies,
          infiniplex_staircase_pool_2, grunt_megastairs_3, uniq_erica
Lair:3:   gammafunk_worm_tunnel, layout_loops_ring,
          minmay_snake_entry_guardpost_small
Lair:4:   layout_long_grid, basic_altar, nicolae_quartered_pool_little,
          cheibrodos_lair_lostbears, grunt_megastairs_4, lemuel_fruit_tree
Lair:5:   guppyfry_lair_end_dragon, layout_loops_ring, wormcave, slime_entry_2,
          chequers_serial_rivers_marsh, nicolae_lair_grazing_beasts
          [nicolae_sub_lair_graze_edge, nicolae_sub_lair_graze_edge,
          nicolae_sub_lair_graze_edge, nicolae_sub_lair_graze_edge]
Swamp:1:  layout_basic_swamp, evilmike_swamp_ruin_house_1, swamp_pool3,
          grunt_ruined_hall
Swamp:2:  layout_basic_swamp, nicolae_swamp_orc_logging_accident
Orc:1:    layout_diamond_mine, uniq_sonja
Orc:2:    st_orc_elflike, layout_diamond_mine, serial_shops, shop,
          ebering_ghost_gozag, uniq_nessos

Skill      XL: |  1  2  3  4  5  6  7  8  9 10 11 12 13 14 15 16 |
---------------+-------------------------------------------------+-----
Maces & Flails | 2 3 4 5 6 8 10 12 13 14 | 14.0
Throwing       | 4 8 11 12 | 12.0
Invocations    | 4 10 13 15 | 15.0
Evocations     | 3 4 6 |  6.0
Fighting       | 8 10 | 10.6
Shields        | 5 |  5.0
Armour         | 5 10 | 10.0

Action                   |  1- 3 |  4- 6 |  7- 9 | 10-12 | 13-15 | 16-18 || total
-------------------------+-------+-------+-------+-------+-------+-------++-------
Melee: Flail             |    20 |       |       |       |    68 |       ||    88
       Whip              |    47 |   264 |   542 |   787 |   880 |       ||  2520
       Bite              |    12 |    70 |   184 |   425 |   740 |   116 ||  1547
       Morningstar       |       |       |       |       |   411 |   263 ||   674
Throw: Throwing net      |       |     1 |     1 |       |       |       ||     2
       Boomerang         |       |       |     9 |     2 |    10 |    55 ||    76
       Dart              |       |       |       |    19 |     1 |       ||    20
Invok: Divine Shield     |       |       |       |       |     4 |     2 ||     6
       Cleansing Flame   |       |       |       |       |     5 |     2 ||     7
       Summon Divine War |       |       |       |       |     3 |     4 ||     7
Evoke: Wand              |       |       |     5 |     9 |     2 |     4 ||    20
  Use: Potion            |     1 |       |     1 |     1 |       |     2 ||     5
       Scroll            |       |       |       |    23 |    15 |    11 ||    49
 Stab: Held in net/web   |       |       |     2 |       |       |       ||     2
Armor: Scale mail        |    18 |    39 |       |       |       |       ||    57
       Plate armour      |       |    50 |   232 |   276 |   633 |   179 ||  1370
Dodge: Dodged            |    23 |    81 |   105 |   124 |   229 |    60 ||   622
Block: Buckler           |    13 |    37 |    88 |    89 |   286 |    66 ||   579

Table legend: (Time is in decaauts)
 A = Elapsed time spent in this place.
 B = Non-inter-level travel time spent in this place.
 C = Inter-level travel time spent in this place.
 D = Time resting spent in this place.
 E = Time spent auto-exploring this place.
 F = Levels seen in this place.
 G = Mean time per level.
                   A        B        C        D        E       F      G
               +--------+--------+--------+--------+--------+-----+--------+
         Total |  25245 |  23201 |   2044 |   1248 |  15360 |  25 | 1009.8 |
       Dungeon |  14765 |  13443 |   1322 |    568 |   9467 |  15 |  984.3 |
        Temple |    224 |    192 |     32 |      0 |    175 |   1 |  224.0 |
          Lair |   7733 |   7188 |    545 |    485 |   4386 |   5 | 1546.6 |
         Swamp |   1191 |   1166 |     25 |    193 |    530 |   2 |  595.5 |
  Orcish Mines |   1329 |   1210 |    119 |      0 |    801 |   2 |  664.5 |
               +--------+--------+--------+--------+--------+-----+--------+

Top non-repeatable levels by time:
  Lair:1: 1815 daAuts
  Lair:5: 1799 daAuts
    D:10: 1694 daAuts
  Lair:2: 1566 daAuts
  Lair:4: 1360 daAuts
     D:6: 1360 daAuts
    D:12: 1253 daAuts
  Lair:3: 1192 daAuts
     D:7: 1166 daAuts
     D:8: 1119 daAuts
 Swamp:1: 1090 daAuts
    D:13: 998 daAuts
     D:3: 924 daAuts
    D:15: 890 daAuts
     D:9: 868 daAuts
